Rangers vs Kings
Created - March 9, 2021 at 21:29
Goals
|
| Rangers |
1 |
2 |
4 |
7 |
| Kings |
0 |
2 |
1 |
3 |
|
Shots
|
| Rangers |
10 |
7 |
21 |
38 |
| Kings |
12 |
15 |
10 |
37 |
|
1st period
1. Rangers , Milan Lucic 31 (Sean Couturier 28) at 5:30
Penalties :
No Penalty
2nd period
2. Kings , Gabriel Landeskog 18 (Nathan MacKinnon 27, Brad Boyes 21) at 1:46
3. Kings , Seth Jones 4 (Shea Weber 18, Martin Jones) at 2:26 (PP)
4. Rangers , Devante Smith-Pelly 4 (Cam Barker 22, Mark Fistric 12) at 9:29
5. Rangers , Tomas Hertl 16 (Milan Lucic 48, Patrice Bergeron 29) at 11:45 (PP)
Penalties :
Ryan Strome (NYR) for Roughing (Minor) at 2:10, Sergei Shirokov (LAK) for Hooking (Minor) at 6:17, Jacob Trouba (LAK) for Interference (Minor) at 10:29, Shea Weber (LAK) for Roughing (Minor) at 10:49, Luke Schenn (NYR) for Hooking (Minor) at 15:00
3rd period
6. Kings , Colton Parayko 3 (Jason Zucker 9, David Pastrnak 21) at 0:08
7. Rangers , Sean Couturier 21 (Milan Lucic 49, Mark Fistric 13) at 5:05
8. Rangers , Kyle Okposo 17 (Patrice Bergeron 30) at 6:31
9. Rangers , Milan Lucic 32 (Luke Schenn 27, Ryan Strome 9) at 11:49 (PP)
10. Rangers , Mark Fistric 2 (Steve Quailer 6, Chris Bourque 14) at 14:29
Penalties :
Colton Parayko (LAK) for Holding (Minor) at 0:43, Colton Parayko (LAK) for Holding (Minor) at 6:43, Milan Lucic (NYR) for Roughing (Minor) at 6:57, Anze Kopitar (LAK) for Holding (Minor) at 11:38, Jacob Trouba (LAK) for Fighting (Major) at 19:17, Luke Schenn (NYR) for Fighting (Major) at 19:17, Jacob Trouba (LAK) for instigated a fight (Minor) at 19:17, Jacob Trouba (LAK) for instigated a fight (10 Minutes Misconduct) at 19:17
Goalie Stats
Frederik Andersen (NYR), 34 saves from 37 shots - (0.919), W, 20-23-3, 60:00 minutes
Martin Jones (LAK), 20 saves from 25 shots - (0.800), L, 9-6-1, 46:31 minutes
Tuukka Rask (LAK), 11 saves from 13 shots - (0.846), 13:29 minutes
Players Stats for Rangers
Player Name G A P +/- PIM S H SB GA TA FO MP PP MP PK MP
------------------------------------------------------------------------------------
Andrei Kostitsyn 0 0 0 1 0 1 1 0 0 0 0/0 14:38 2:14 0:23
Cam Barker 0 1 1 4 0 1 1 2 1 1 0/0 23:00 2:47 1:41
Chris Bourque 0 1 1 1 0 0 0 0 0 0 1/1 11:28 0:03 1:49
Devante Smith-Pelly 1 0 1 1 0 6 0 0 0 0 0/0 11:53 0:03 0:00
Dmitry Kulikov 0 0 0 -1 0 3 1 1 0 0 0/0 21:34 2:05 0:48
Kyle Okposo 1 0 1 1 0 2 2 0 0 0 0/0 13:51 2:14 0:00
Luke Schenn 0 1 1 -1 7 2 2 2 0 0 0/0 25:42 4:37 0:11
Mark Fistric 1 2 3 4 0 1 0 0 0 0 0/0 16:10 0:00 1:22
Matt Delahey 0 0 0 0 0 0 3 1 0 1 0/0 13:08 0:00 0:00
Maxime Sauvé 0 0 0 1 0 2 0 0 0 0 5/9 11:28 0:03 1:49
Milan Lucic 2 2 4 0 2 6 3 1 2 0 0/1 20:53 5:06 0:00
Patrice Bergeron 0 2 2 1 0 3 1 1 0 1 13/18 17:21 5:07 0:00
Patrik Nemeth 0 0 0 0 0 0 1 2 0 1 0/0 15:32 0:00 0:56
Rostislav Olesz 0 0 0 1 0 1 4 0 1 0 1/2 11:19 0:00 0:00
Ryan Strome 0 1 1 0 2 2 0 0 0 1 2/2 21:20 5:07 0:00
Sean Couturier 1 1 2 0 0 3 3 0 1 0 14/33 19:16 2:14 0:40
Steve Quailer 0 1 1 1 0 3 1 1 1 0 0/0 9:25 0:00 0:17
Tomas Hertl 1 0 1 1 0 2 1 0 0 1 1/5 17:44 5:19 0:00
Players Stats for Kings
Player Name G A P +/- PIM S H SB GA TA FO MP PP MP PK MP
------------------------------------------------------------------------------------
Anze Kopitar 0 0 0 -4 2 3 0 0 0 0 12/20 16:06 0:54 1:19
Brad Boyes 0 1 1 0 0 1 1 0 0 0 0/0 15:19 1:34 0:00
Cody Eakin 0 0 0 1 0 2 1 0 0 0 11/21 14:27 0:00 0:45
Colton Parayko 1 0 1 2 4 4 0 1 0 0 0/0 22:58 0:52 3:44
David Pastrnak 0 1 1 1 0 1 1 0 1 0 0/1 14:38 0:54 0:00
Eric Nystrom 0 0 0 0 0 0 3 0 0 0 3/9 12:20 0:01 4:01
Gabriel Landeskog 1 0 1 0 0 5 2 1 0 1 1/1 19:02 1:34 2:47
Jacob Trouba 0 0 0 -2 19 2 1 0 0 0 0/0 21:23 0:01 3:25
Jason Zucker 0 1 1 1 0 0 2 0 1 0 0/0 16:34 0:51 0:25
Kyle Clifford 0 0 0 -4 0 3 1 0 1 2 0/3 18:30 0:54 4:00
Ladislav Smid 0 0 0 -3 0 1 1 0 0 0 0/0 16:25 0:00 2:38
Lars Eller 0 0 0 0 0 3 1 0 0 0 1/2 7:14 0:00 0:00
Nathan MacKinnon 0 1 1 0 0 1 2 0 0 0 6/14 15:39 1:35 0:00
Raphael Diaz 0 0 0 -3 0 0 0 1 0 1 0/0 12:03 0:00 0:00
Sergei Shirokov 0 0 0 -4 2 5 1 0 0 0 0/0 14:08 0:00 0:35
Seth Jones 1 0 1 -2 0 4 0 3 2 0 0/0 21:33 1:38 1:51
Shea Weber 0 1 1 2 2 0 1 3 0 2 0/0 24:15 1:37 3:09
Steve Bernier 0 0 0 0 0 2 2 0 1 0 0/0 7:14 0:00 0:00
3 Stars
1 - Milan Lucic (NYR)
2 - Mark Fistric (NYR)
3 - Sean Couturier (NYR)
Power Play
Rangers - 2 on 7 Attempt(s) - 28.57%
Kings - 1 on 3 Attempt(s) - 33.33%
Penalty Kill
Rangers - 2 on 3 Attempt(s) - 66.67%
- Score 0 goal in Penalty Kill
Kings - 5 on 7 Attempt(s) - 71.43%
- Score 0 goal in Penalty Kill
Team Stat
Rangers - Hits : 24 - Faceoff Wins : 37 - Blocked Shots : 11 - Penalty Minutes : 11
Kings - Hits : 20 - Faceoff Wins : 34 - Blocked Shots : 9 - Penalty Minutes : 29
Official
Referees : Unknown
Linesman : Unknown
Game Notes
Tuukka Rask enters game at 6:31 of 3rd period
Jacob Trouba and Luke Schenn fight to a draw at 19:17 of 3rd period
Finance
Level 1 -- Attendance: 5924 (98.73%) -- Ticket Income $592,400
Level 2 -- Attendance: 4865 (97.30%) -- Ticket Income $291,900
Level 3 -- Attendance: 2000 (100.00%) -- Ticket Income $60,000
Level 4 -- Attendance: 4000 (100.00%) -- Ticket Income $80,000
Luxury Box -- Attendance: 901 (90.10%) -- Ticket Income $157,675
Game was played at the Staples Center.
Total Attendance: 17690 (98.28%)
Total Ticket Income: $1,181,975
Other Income: $177,296
Total Income: $1,359,271
Rangers
5 vs 5 Forward
Center Left Wing Right Wing Time % Phy DF OF
1 Sean Couturier Milan Lucic Ryan Strome 40 1 2 2
2 Patrice Bergeron Andrei Kostitsyn Kyle Okposo 30 1 2 2
3 Tomas Hertl Rostislav Olesz Devante Smith-Pelly 20 1 2 2
4 Maxime Sauvé Chris Bourque Steve Quailer 10 1 2 2
5 vs 5 Defense
Defense Defense Time % Phy DF OF
1 Luke Schenn Dmitry Kulikov 40 1 2 2
2 Cam Barker Mark Fistric 30 1 2 2
3 Patrik Nemeth Matt Delahey 20 1 2 2
4 Luke Schenn Cam Barker 10 1 2 2
PowerPlay Forward
Center Left Wing Right Wing Time % Phy DF OF
1 Patrice Bergeron Milan Lucic Ryan Strome 60 1 2 2
2 Sean Couturier Andrei Kostitsyn Kyle Okposo 40 1 2 2
PowerPlay Defense
Defense Defense Time % Phy DF OF
1 Luke Schenn Tomas Hertl 60 1 2 2
2 Cam Barker Dmitry Kulikov 40 1 2 2
Penalty Kill 4 Players Forward
Center Wing Time % Phy DF OF
1 Maxime Sauvé Chris Bourque 60 1 2 2
2 Sean Couturier Steve Quailer 40 1 2 2
Penalty Kill 4 Players Defense
Defense Defense Time % Phy DF OF
1 Cam Barker Patrik Nemeth 60 1 2 2
2 Luke Schenn Mark Fistric 40 1 2 2
Penalty Kill - 3 Players Forward
Forward Time % Phy DF OF
1 Maxime Sauvé 60 1 2 2
2 Sean Couturier 40 1 2 2
Penalty Kill - 3 Players Defense
Defense Defense Time % Phy DF OF
1 Cam Barker Patrik Nemeth 60 1 2 2
2 Luke Schenn Mark Fistric 40 1 2 2
4 vs 4 Forward
Center Wing Time % Phy DF OF
1 Tomas Hertl Ryan Strome 60 1 2 2
2 Patrice Bergeron Milan Lucic 40 1 2 2
4 vs 4 Defense
Defense Defense Time % Phy DF OF
1 Luke Schenn Dmitry Kulikov 60 1 2 2
2 Cam Barker Mark Fistric 40 1 2 2
Last Minutes Offensive
Center Left Wing Right Wing Defense Defense
Milan Lucic Patrice Bergeron Sean Couturier Mark Fistric Dmitry Kulikov
Last Minutes Defensive
Center Left Wing Right Wing Defense Defense
Milan Lucic Patrice Bergeron Sean Couturier Mark Fistric Dmitry Kulikov
Goaltenders
Starting : Frederik Andersen
Backup : Mike Condon
Extra Forwards
Normal : Milan Lucic, Patrice Bergeron, Sean Couturier - PP : Milan Lucic, Patrice Bergeron - PK : Sean Couturier
Extra Defensemen
Normal : Cam Barker, Mark Fistric, Luke Schenn - PP : Cam Barker - PK : Mark Fistric, Luke Schenn
Penalty Shots
Milan Lucic, Patrice Bergeron, Sean Couturier, Tomas Hertl, Maxime Sauvé
Scratches
Magnus Paajarvi (Healthy)
Kings
5 vs 5 Forward
Center Left Wing Right Wing Time % Phy DF OF
1 Anze Kopitar Kyle Clifford Sergei Shirokov 30 1 2 2
2 Nathan MacKinnon Gabriel Landeskog Brad Boyes 30 1 2 2
3 Cody Eakin Jason Zucker David Pastrnak 30 1 2 2
4 Lars Eller Eric Nystrom Steve Bernier 10 1 2 2
5 vs 5 Defense
Defense Defense Time % Phy DF OF
1 Shea Weber Colton Parayko 40 2 2 1
2 Jacob Trouba Seth Jones 30 1 2 2
3 Ladislav Smid Raphael Diaz 20 2 2 1
4 Jacob Trouba Seth Jones 10 2 2 1
PowerPlay Forward
Center Left Wing Right Wing Time % Phy DF OF
1 Anze Kopitar Kyle Clifford David Pastrnak 50 0 1 4
2 Nathan MacKinnon Gabriel Landeskog Brad Boyes 50 0 1 4
PowerPlay Defense
Defense Defense Time % Phy DF OF
1 Seth Jones Shea Weber 60 0 2 3
2 Colton Parayko Jason Zucker 40 0 2 3
Penalty Kill 4 Players Forward
Center Wing Time % Phy DF OF
1 Eric Nystrom Kyle Clifford 60 1 2 2
2 Anze Kopitar Gabriel Landeskog 40 1 2 2
Penalty Kill 4 Players Defense
Defense Defense Time % Phy DF OF
1 Jacob Trouba Colton Parayko 60 2 2 1
2 Shea Weber Ladislav Smid 40 2 2 1
Penalty Kill - 3 Players Forward
Forward Time % Phy DF OF
1 Gabriel Landeskog 60 2 3 0
2 Anze Kopitar 40 2 3 0
Penalty Kill - 3 Players Defense
Defense Defense Time % Phy DF OF
1 Jacob Trouba Colton Parayko 60 2 3 0
2 Shea Weber Ladislav Smid 40 2 3 0
4 vs 4 Forward
Center Wing Time % Phy DF OF
1 Anze Kopitar Gabriel Landeskog 60 1 2 2
2 Kyle Clifford Jason Zucker 40 1 2 2
4 vs 4 Defense
Defense Defense Time % Phy DF OF
1 Seth Jones Colton Parayko 60 1 2 2
2 Shea Weber Jacob Trouba 40 1 2 2
Last Minutes Offensive
Center Left Wing Right Wing Defense Defense
Anze Kopitar Kyle Clifford David Pastrnak Gabriel Landeskog Seth Jones
Last Minutes Defensive
Center Left Wing Right Wing Defense Defense
Anze Kopitar Gabriel Landeskog Sergei Shirokov Colton Parayko Jacob Trouba
Goaltenders
Starting : Martin Jones
Backup : Tuukka Rask
Extra Forwards
Normal : Anze Kopitar, Gabriel Landeskog, Nathan MacKinnon - PP : Cody Eakin, Sergei Shirokov - PK : Sergei Shirokov
Extra Defensemen
Normal : Seth Jones, Colton Parayko, Jacob Trouba - PP : Jacob Trouba - PK : Shea Weber, Seth Jones
Penalty Shots
Anze Kopitar, Kyle Clifford, David Pastrnak, Jason Zucker, Gabriel Landeskog
Scratches
Jeff Tambellini (Healthy), Vitaly Vishnevsky (Healthy)
% Time on Ice - Rangers
Lines # - Real PCT - Wanted PCT - Time Play
Normal Forward
1 - 34% - 40% - 16:18
2 - 25% - 30% - 12:09
3 - 23% - 20% - 11:19
4 - 18% - 10% - 8:36
Normal Defense
1 - 40% - 40% - 19:10
2 - 29% - 30% - 14:07
3 - 27% - 20% - 13:08
4 - 4% - 10% - 1:57
PP Forward
1 - 70% - 60% - 5:10
2 - 30% - 40% - 2:14
PP Defense
1 - 72% - 60% - 5:19
2 - 28% - 40% - 2:05
PK Forward
1 - 89% - 60% - 2:12
2 - 11% - 40% - 0:17
PK Defense
1 - 45% - 60% - 1:07
2 - 55% - 40% - 1:22
PK3 Forward
1 - 0% - 60%
2 - 0% - 40%
PK3 Defense
1 - 0% - 60%
2 - 0% - 40%
44 Forward
1 - 76% - 60% - 1:20
2 - 24% - 40% - 0:25
44 Defense
1 - 53% - 60% - 0:56
2 - 47% - 40% - 0:49
Last Minute Offensive - 0:00
Last Minute Defensive - 0:00
Total
Forward - 60:00
Defense - 60:00
|
% Time on Ice - Kings
Lines # - Real PCT - Wanted PCT - Time Play
Normal Forward
1 - 28% - 30% - 13:39
2 - 28% - 30% - 13:47
3 - 28% - 30% - 13:42
4 - 15% - 10% - 7:14
Normal Defense
1 - 37% - 40% - 17:52
2 - 31% - 30% - 14:56
3 - 25% - 20% - 12:03
4 - 7% - 10% - 3:31
PP Forward
1 - 37% - 50% - 0:55
2 - 63% - 50% - 1:34
PP Defense
1 - 66% - 60% - 1:38
2 - 34% - 40% - 0:51
PK Forward
1 - 85% - 60% - 5:28
2 - 15% - 40% - 1:00
PK Defense
1 - 78% - 60% - 5:01
2 - 22% - 40% - 1:27
PK3 Forward
1 - 79% - 60% - 0:44
2 - 21% - 40% - 0:12
PK3 Defense
1 - 86% - 60% - 0:48
2 - 14% - 40% - 0:08
44 Forward
1 - 72% - 60% - 1:16
2 - 28% - 40% - 0:29
44 Defense
1 - 100% - 60% - 1:45
2 - 0% - 40% - 0:00
Last Minute Offensive - 0:00
Last Minute Defensive - 0:00
Total
Forward - 60:00
Defense - 60:00
|
Play-by-Play
1st period
0:01 of 1st period - Sean Couturier wins face-off versus Anze Kopitar in neutral zone.
0:26 of 1st period - Shea Weber is hit by Patrice Bergeron.
0:36 of 1st period - Gabriel Landeskog is hit by Kyle Okposo and loses puck.
2:34 of 1st period - Icing by Ladislav Smid.
2:35 of 1st period - Nathan MacKinnon wins face-off versus Maxime Sauvé in Kings zone.
2:50 of 1st period - Slapshot by Brad Boyes.
2:50 of 1st period - Stopped by Frederik Andersen with a rebound.
3:00 of 1st period - Slapshot by Gabriel Landeskog.
3:00 of 1st period - Stopped by Frederik Andersen without a rebound.
3:01 of 1st period - Sean Couturier wins face-off versus David Pastrnak in Rangers zone.
3:08 of 1st period - Snap shot by Sean Couturier.
3:08 of 1st period - Stopped by Martin Jones without a rebound.
3:09 of 1st period - Sean Couturier wins face-off versus Cody Eakin in Kings zone.
3:10 of 1st period - Snap shot by Milan Lucic.
3:10 of 1st period - Stopped by Martin Jones with a rebound.
3:20 of 1st period - Wrist shot by David Pastrnak.
3:20 of 1st period - Deflect By Cody Eakin.
3:20 of 1st period - Shot Misses the Net.
3:20 of 1st period - Puck is out of play.
3:21 of 1st period - Anze Kopitar wins face-off versus Sean Couturier in Rangers zone.
3:22 of 1st period - Wrist shot by Kyle Clifford.
3:22 of 1st period - Stopped by Frederik Andersen with a rebound.
3:32 of 1st period - Wrist shot by Anze Kopitar.
3:32 of 1st period - Shot Misses the Net.
5:12 of 1st period - Wrist shot by Patrice Bergeron.
5:12 of 1st period - Shot Misses the Net.
5:14 of 1st period - Wrist shot by Patrice Bergeron.
5:14 of 1st period - Shot Misses the Net.
5:16 of 1st period - Slapshot by Dmitry Kulikov.
5:16 of 1st period - Stopped by Martin Jones without a rebound.
5:17 of 1st period - Anze Kopitar wins face-off versus Sean Couturier in Kings zone.
5:24 of 1st period - Wrist shot by Ryan Strome.
5:24 of 1st period - Stopped by Martin Jones without a rebound.
5:25 of 1st period - Sean Couturier wins face-off versus Anze Kopitar in Kings zone.
5:26 of 1st period - Wrist shot by Milan Lucic.
5:26 of 1st period - Shot Misses the Net.
5:28 of 1st period - Snap shot by Ryan Strome.
5:28 of 1st period - Stopped by Martin Jones without a rebound.
5:29 of 1st period - Sean Couturier wins face-off versus Kyle Clifford in Kings zone.
5:30 of 1st period - Snap shot by Milan Lucic.
5:30 of 1st period - Goal by Milan Lucic - Rangers : 1 - Kings : 0.
5:31 of 1st period - Anze Kopitar wins face-off versus Sean Couturier in neutral zone.
5:42 of 1st period - Anze Kopitar is hit by Sean Couturier and loses puck.
6:46 of 1st period - Backhand shot by Maxime Sauvé.
6:46 of 1st period - Stopped by Martin Jones with a rebound.
7:32 of 1st period - Steve Quailer is hit by Brad Boyes and loses puck.
7:47 of 1st period - Wrist shot by Brad Boyes.
7:47 of 1st period - Shot Hit the Post.
8:11 of 1st period - Wrist shot by Gabriel Landeskog.
8:11 of 1st period - Shot Blocked by Patrik Nemeth.
8:23 of 1st period - Wrist shot by Gabriel Landeskog.
8:23 of 1st period - Shot Misses the Net.
8:25 of 1st period - Snap shot by Brad Boyes.
8:25 of 1st period - Shot Blocked by Patrik Nemeth.
8:27 of 1st period - Slapshot by Seth Jones.
8:27 of 1st period - Shot Blocked by Steve Quailer.
8:39 of 1st period - Snap shot by Nathan MacKinnon.
8:39 of 1st period - Stopped by Frederik Andersen with a rebound.
8:41 of 1st period - Slapshot by Seth Jones.
8:41 of 1st period - Stopped by Frederik Andersen without a rebound.
8:42 of 1st period - Anze Kopitar wins face-off versus Sean Couturier in Rangers zone.
8:43 of 1st period - Snap shot by Sergei Shirokov.
8:43 of 1st period - Stopped by Frederik Andersen without a rebound.
8:44 of 1st period - Sean Couturier wins face-off versus Anze Kopitar in Rangers zone.
9:09 of 1st period - Cam Barker is hit by Jason Zucker and loses puck.
9:18 of 1st period - Snap shot by Jason Zucker.
9:18 of 1st period - Shot Misses the Net.
9:20 of 1st period - Snap shot by Jason Zucker.
9:20 of 1st period - Shot Blocked by Cam Barker.
9:22 of 1st period - Wrist shot by Cody Eakin.
9:22 of 1st period - Shot Misses the Net.
9:37 of 1st period - Cam Barker is hit by Steve Bernier.
10:20 of 1st period - Snap shot by Anze Kopitar.
10:20 of 1st period - Stopped by Frederik Andersen with a rebound.
10:22 of 1st period - Slapshot by Colton Parayko.
10:22 of 1st period - Stopped by Frederik Andersen without a rebound.
10:23 of 1st period - Anze Kopitar wins face-off versus Tomas Hertl in Rangers zone.
10:46 of 1st period - Slapshot by Kyle Clifford.
10:46 of 1st period - Shot Misses the Net.
11:13 of 1st period - Tomas Hertl is hit by Kyle Clifford and loses puck.
11:22 of 1st period - Ladislav Smid is hit by Tomas Hertl and loses puck.
11:50 of 1st period - Icing by Dmitry Kulikov.
11:51 of 1st period - Cody Eakin wins face-off versus Tomas Hertl in Rangers zone.
12:20 of 1st period - Slapshot by Rostislav Olesz.
12:20 of 1st period - Shot Misses the Net.
12:22 of 1st period - Wrist shot by Devante Smith-Pelly.
12:22 of 1st period - Stopped by Martin Jones with a rebound.
12:36 of 1st period - Snap shot by Devante Smith-Pelly.
12:36 of 1st period - Shot Misses the Net.
12:38 of 1st period - Wrist shot by Rostislav Olesz.
12:38 of 1st period - Shot Misses the Net.
12:40 of 1st period - Slapshot by Luke Schenn.
12:40 of 1st period - Shot Blocked by Seth Jones.
12:42 of 1st period - Slapshot by Tomas Hertl.
12:42 of 1st period - Deflect By Rostislav Olesz.
12:42 of 1st period - Shot Blocked by Seth Jones.
12:42 of 1st period - Puck is out of play.
12:43 of 1st period - Nathan MacKinnon wins face-off versus Sean Couturier in Kings zone.
12:54 of 1st period - Brad Boyes is hit by Milan Lucic and loses puck.
13:31 of 1st period - Maxime Sauvé is hit by Nathan MacKinnon and loses puck.
13:58 of 1st period - Milan Lucic is hit by Eric Nystrom and loses puck.
14:35 of 1st period - Luke Schenn is hit by Nathan MacKinnon.
15:52 of 1st period - Slapshot by Colton Parayko.
15:52 of 1st period - Shot Misses the Net.
15:54 of 1st period - Slapshot by Anze Kopitar.
15:54 of 1st period - Shot Misses the Net.
16:06 of 1st period - Wrist shot by Steve Bernier.
16:06 of 1st period - Shot Misses the Net.
16:12 of 1st period - Wrist shot by Steve Bernier.
16:12 of 1st period - Stopped by Frederik Andersen with a rebound.
16:19 of 1st period - Icing by Milan Lucic.
16:20 of 1st period - Cody Eakin wins face-off versus Sean Couturier in Rangers zone.
16:25 of 1st period - Slapshot by David Pastrnak.
16:25 of 1st period - Shot Misses the Net.
16:33 of 1st period - Snap shot by Sean Couturier.
16:33 of 1st period - Stopped by Martin Jones without a rebound.
16:34 of 1st period - Patrice Bergeron wins face-off versus Cody Eakin in Kings zone.
17:20 of 1st period - Kyle Clifford is hit by Matt Delahey and loses puck.
17:29 of 1st period - Snap shot by Steve Quailer.
17:29 of 1st period - Shot Misses the Net.
17:49 of 1st period - Colton Parayko is hit by Andrei Kostitsyn and loses puck.
18:10 of 1st period - Snap shot by Cody Eakin.
18:10 of 1st period - Stopped by Frederik Andersen with a rebound.
18:22 of 1st period - Slapshot by Rostislav Olesz.
18:22 of 1st period - Shot Misses the Net.
18:24 of 1st period - Snap shot by Devante Smith-Pelly.
18:24 of 1st period - Stopped by Martin Jones without a rebound.
18:25 of 1st period - Lars Eller wins face-off versus Rostislav Olesz in Kings zone.
18:30 of 1st period - Slapshot by Seth Jones.
18:30 of 1st period - Shot Blocked by Matt Delahey.
18:32 of 1st period - Snap shot by Steve Bernier.
18:32 of 1st period - Stopped by Frederik Andersen without a rebound.
18:33 of 1st period - Sean Couturier wins face-off versus Cody Eakin in Rangers zone.
18:48 of 1st period - Snap shot by Cody Eakin.
18:48 of 1st period - Stopped by Frederik Andersen with a rebound.
19:52 of 1st period - Raphael Diaz is hit by Matt Delahey.
Goals for this period are 1 for Rangers vs 0 for Kings.
Shots for this period are 10 for Rangers vs 12 for Kings.
2nd period
0:01 of 2nd period - Sean Couturier wins face-off versus Cody Eakin in neutral zone.
0:33 of 2nd period - Snap shot by Kyle Clifford.
0:33 of 2nd period - Stopped by Frederik Andersen with a rebound.
0:37 of 2nd period - Snap shot by Kyle Clifford.
0:37 of 2nd period - Shot Misses the Net.
0:47 of 2nd period - Patrice Bergeron is hit by Lars Eller and loses puck.
1:01 of 2nd period - Off-side.
1:02 of 2nd period - Sean Couturier wins face-off versus Cody Eakin in neutral zone.
1:05 of 2nd period - Jason Zucker is hit by Sean Couturier and loses puck.
1:36 of 2nd period - Wrist shot by Sergei Shirokov.
1:36 of 2nd period - Shot Misses the Net.
1:38 of 2nd period - Snap shot by Jacob Trouba.
1:38 of 2nd period - Deflect By Sergei Shirokov.
1:38 of 2nd period - Stopped by Frederik Andersen without a rebound.
1:39 of 2nd period - Nathan MacKinnon wins face-off versus Sean Couturier in Rangers zone.
1:46 of 2nd period - Wrist shot by Gabriel Landeskog.
1:46 of 2nd period - Goal by Gabriel Landeskog - Rangers : 1 - Kings : 1.
1:47 of 2nd period - Anze Kopitar wins face-off versus Sean Couturier in neutral zone.
2:10 of 2nd period - Minor Penalty to Ryan Strome for Roughing.
2:11 of 2nd period - Anze Kopitar wins face-off versus Maxime Sauvé in Rangers zone.
2:26 of 2nd period - Slapshot by Seth Jones.
2:26 of 2nd period - Goal by Seth Jones - Rangers : 1 - Kings : 2.
2:27 of 2nd period - Ryan Strome wins face-off versus Nathan MacKinnon in neutral zone.
2:53 of 2nd period - Cody Eakin is hit by Luke Schenn and loses puck.
3:21 of 2nd period - Icing by Rostislav Olesz.
3:22 of 2nd period - Tomas Hertl wins face-off versus Nathan MacKinnon in Rangers zone.
3:27 of 2nd period - Gabriel Landeskog is hit by Rostislav Olesz and loses puck.
3:59 of 2nd period - Snap shot by Tomas Hertl.
3:59 of 2nd period - Stopped by Martin Jones without a rebound.
4:00 of 2nd period - Cody Eakin wins face-off versus Sean Couturier in Kings zone.
4:07 of 2nd period - Wrist shot by David Pastrnak.
4:07 of 2nd period - Shot Misses the Net.
4:27 of 2nd period - Sean Couturier is hit by Ladislav Smid and loses puck.
4:38 of 2nd period - Snap shot by Dmitry Kulikov.
4:38 of 2nd period - Stopped by Martin Jones without a rebound.
4:39 of 2nd period - Anze Kopitar wins face-off versus Patrice Bergeron in Kings zone.
4:54 of 2nd period - Snap shot by Kyle Okposo.
4:54 of 2nd period - Shot Blocked by Shea Weber.
4:56 of 2nd period - Slapshot by Matt Delahey.
4:56 of 2nd period - Shot Blocked by Shea Weber.
5:11 of 2nd period - Tomas Hertl is hit by Shea Weber and loses puck.
5:18 of 2nd period - Snap shot by Cody Eakin.
5:18 of 2nd period - Shot Misses the Net.
6:17 of 2nd period - Minor Penalty to Sergei Shirokov for Hooking.
6:18 of 2nd period - Patrice Bergeron wins face-off versus Eric Nystrom in Kings zone.
6:19 of 2nd period - Slapshot by Milan Lucic.
6:19 of 2nd period - Stopped by Martin Jones with a rebound.
6:45 of 2nd period - Kyle Clifford is hit by Luke Schenn and loses puck.
8:17 of 2nd period - Penalty to Sergei Shirokov is over, Sergei Shirokov is back on ice.
8:37 of 2nd period - Ladislav Smid is hit by Patrik Nemeth and loses puck.
8:47 of 2nd period - Icing by Shea Weber.
8:48 of 2nd period - Patrice Bergeron wins face-off versus Eric Nystrom in Kings zone.
9:29 of 2nd period - Wrist shot by Devante Smith-Pelly.
9:29 of 2nd period - Goal by Devante Smith-Pelly - Rangers : 2 - Kings : 2.
9:30 of 2nd period - Cody Eakin wins face-off versus Sean Couturier in neutral zone.
10:29 of 2nd period - Minor Penalty to Jacob Trouba for Interference.
10:30 of 2nd period - Patrice Bergeron wins face-off versus Eric Nystrom in Kings zone.
10:40 of 2nd period - Snap shot by Patrice Bergeron.
10:40 of 2nd period - Stopped by Martin Jones with a rebound.
10:49 of 2nd period - Minor Penalty to Shea Weber for Roughing.
10:50 of 2nd period - Gabriel Landeskog wins face-off versus Patrice Bergeron in Kings zone.
10:50 of 2nd period - Gabriel Landeskog is hit by Milan Lucic.
11:37 of 2nd period - Slapshot by Colton Parayko.
11:37 of 2nd period - Stopped by Frederik Andersen without a rebound.
11:38 of 2nd period - Patrice Bergeron wins face-off versus Anze Kopitar in Rangers zone.
11:43 of 2nd period - Slapshot by Tomas Hertl.
11:43 of 2nd period - Shot Misses the Net.
11:45 of 2nd period - Wrist shot by Tomas Hertl.
11:45 of 2nd period - Deflect By Anze Kopitar.
11:45 of 2nd period - Goal by Tomas Hertl - Rangers : 3 - Kings : 2.
11:46 of 2nd period - Eric Nystrom wins face-off versus Milan Lucic in neutral zone.
11:55 of 2nd period - Slapshot by Milan Lucic.
11:55 of 2nd period - Deflect By Colton Parayko.
11:55 of 2nd period - Shot Misses the Net.
11:55 of 2nd period - Puck is out of play.
11:56 of 2nd period - Eric Nystrom wins face-off versus Patrice Bergeron in Kings zone.
12:45 of 2nd period - Wrist shot by Anze Kopitar.
12:45 of 2nd period - Stopped by Frederik Andersen with a rebound.
12:47 of 2nd period - Slapshot by Seth Jones.
12:47 of 2nd period - Shot Blocked by Patrice Bergeron.
12:49 of 2nd period - Penalty to Shea Weber is over, Shea Weber is back on ice.
12:49 of 2nd period - Wrist shot by Ladislav Smid.
12:49 of 2nd period - Shot Blocked by Milan Lucic.
12:53 of 2nd period - Snap shot by Anze Kopitar.
12:53 of 2nd period - Stopped by Frederik Andersen without a rebound.
12:54 of 2nd period - Chris Bourque wins face-off versus Cody Eakin in Rangers zone.
13:32 of 2nd period - Snap shot by Kyle Clifford.
13:32 of 2nd period - Shot Misses the Net.
13:34 of 2nd period - Snap shot by Raphael Diaz.
13:34 of 2nd period - Shot Misses the Net.
13:36 of 2nd period - Slapshot by Ladislav Smid.
13:36 of 2nd period - Stopped by Frederik Andersen with a rebound.
13:38 of 2nd period - Slapshot by Ladislav Smid.
13:38 of 2nd period - Shot Misses the Net.
13:40 of 2nd period - Slapshot by Sergei Shirokov.
13:40 of 2nd period - Stopped by Frederik Andersen without a rebound.
13:41 of 2nd period - Maxime Sauvé wins face-off versus Cody Eakin in Rangers zone.
13:56 of 2nd period - Wrist shot by Steve Quailer.
13:56 of 2nd period - Shot Blocked by Shea Weber.
14:26 of 2nd period - Snap shot by Devante Smith-Pelly.
14:26 of 2nd period - Stopped by Martin Jones without a rebound.
14:27 of 2nd period - Rostislav Olesz wins face-off versus Nathan MacKinnon in Kings zone.
14:49 of 2nd period - Slapshot by Gabriel Landeskog.
14:49 of 2nd period - Stopped by Frederik Andersen without a rebound.
14:50 of 2nd period - Cody Eakin wins face-off versus Sean Couturier in Rangers zone.
14:53 of 2nd period - Snap shot by Cody Eakin.
14:53 of 2nd period - Shot Misses the Net.
14:55 of 2nd period - Slapshot by Seth Jones.
14:55 of 2nd period - Stopped by Frederik Andersen with a rebound.
14:57 of 2nd period - Slapshot by Jacob Trouba.
14:57 of 2nd period - Stopped by Frederik Andersen without a rebound.
14:58 of 2nd period - Sean Couturier wins face-off versus Cody Eakin in Rangers zone.
15:00 of 2nd period - Minor Penalty to Luke Schenn for Hooking.
15:01 of 2nd period - Maxime Sauvé wins face-off versus Nathan MacKinnon in Rangers zone.
15:09 of 2nd period - Slapshot by Seth Jones.
15:09 of 2nd period - Stopped by Frederik Andersen without a rebound.
15:10 of 2nd period - Nathan MacKinnon wins face-off versus Maxime Sauvé in Rangers zone.
16:21 of 2nd period - Snap shot by Gabriel Landeskog.
16:21 of 2nd period - Stopped by Frederik Andersen without a rebound.
16:22 of 2nd period - Maxime Sauvé wins face-off versus Anze Kopitar in Rangers zone.
17:00 of 2nd period - Penalty to Luke Schenn is over, Luke Schenn is back on ice.
17:49 of 2nd period - Slapshot by Andrei Kostitsyn.
17:49 of 2nd period - Shot Blocked by Raphael Diaz.
18:11 of 2nd period - Cody Eakin is hit by Sean Couturier and loses puck.
18:22 of 2nd period - David Pastrnak is hit by Matt Delahey and loses puck.
18:35 of 2nd period - Nathan MacKinnon is hit by Rostislav Olesz.
18:39 of 2nd period - Slapshot by Gabriel Landeskog.
18:39 of 2nd period - Stopped by Frederik Andersen with a rebound.
18:56 of 2nd period - Matt Delahey is hit by Steve Bernier and loses puck.
Goals for this period are 2 for Rangers vs 2 for Kings.
Shots for this period are 7 for Rangers vs 15 for Kings.
3rd period
0:01 of 3rd period - Cody Eakin wins face-off versus Sean Couturier in neutral zone.
0:04 of 3rd period - Wrist shot by David Pastrnak.
0:04 of 3rd period - Shot Blocked by Dmitry Kulikov.
0:06 of 3rd period - Snap shot by Jason Zucker.
0:06 of 3rd period - Shot Misses the Net.
0:08 of 3rd period - Slapshot by Colton Parayko.
0:08 of 3rd period - Deflect By Sean Couturier.
0:08 of 3rd period - Goal by Colton Parayko - Rangers : 3 - Kings : 3.
0:09 of 3rd period - Ryan Strome wins face-off versus Cody Eakin in neutral zone.
0:24 of 3rd period - Snap shot by David Pastrnak.
0:24 of 3rd period - Stopped by Frederik Andersen without a rebound.
0:25 of 3rd period - Patrice Bergeron wins face-off versus Anze Kopitar in Rangers zone.
0:30 of 3rd period - Slapshot by Luke Schenn.
0:30 of 3rd period - Stopped by Martin Jones with a rebound.
0:32 of 3rd period - Snap shot by Dmitry Kulikov.
0:32 of 3rd period - Shot Blocked by Colton Parayko.
0:34 of 3rd period - Snap shot by Dmitry Kulikov.
0:34 of 3rd period - Deflect By Anze Kopitar.
0:34 of 3rd period - Stopped by Martin Jones without a rebound.
0:35 of 3rd period - Patrice Bergeron wins face-off versus Kyle Clifford in Kings zone.
0:40 of 3rd period - Snap shot by Patrice Bergeron.
0:40 of 3rd period - Stopped by Martin Jones without a rebound.
0:41 of 3rd period - Cody Eakin wins face-off versus Sean Couturier in Kings zone.
0:43 of 3rd period - Minor Penalty to Colton Parayko for Holding.
0:44 of 3rd period - Patrice Bergeron wins face-off versus Eric Nystrom in Kings zone.
1:19 of 3rd period - Gabriel Landeskog is hit by Kyle Okposo and loses puck.
1:48 of 3rd period - Wrist shot by Anze Kopitar.
1:48 of 3rd period - Shot Blocked by Cam Barker.
2:38 of 3rd period - Ladislav Smid is hit by Cam Barker and loses puck.
2:43 of 3rd period - Penalty to Colton Parayko is over, Colton Parayko is back on ice.
2:49 of 3rd period - Snap shot by Sergei Shirokov.
2:49 of 3rd period - Stopped by Frederik Andersen without a rebound.
2:50 of 3rd period - Cody Eakin wins face-off versus Maxime Sauvé in Rangers zone.
2:59 of 3rd period - Slapshot by David Pastrnak.
2:59 of 3rd period - Shot Misses the Net.
3:08 of 3rd period - Maxime Sauvé is hit by David Pastrnak and loses puck.
3:27 of 3rd period - Wrist shot by Rostislav Olesz.
3:27 of 3rd period - Stopped by Martin Jones without a rebound.
3:28 of 3rd period - Anze Kopitar wins face-off versus Sean Couturier in Kings zone.
3:28 of 3rd period - Anze Kopitar is hit by Milan Lucic.
3:44 of 3rd period - Snap shot by Sergei Shirokov.
3:44 of 3rd period - Shot Blocked by Luke Schenn.
3:54 of 3rd period - Brad Boyes is hit by Dmitry Kulikov and loses puck.
4:28 of 3rd period - Snap shot by Lars Eller.
4:28 of 3rd period - Stopped by Frederik Andersen with a rebound.
4:40 of 3rd period - Cody Eakin is hit by Steve Quailer and loses puck.
4:59 of 3rd period - Snap shot by Milan Lucic.
4:59 of 3rd period - Shot Misses the Net.
5:01 of 3rd period - Slapshot by Sean Couturier.
5:01 of 3rd period - Shot Misses the Net.
5:05 of 3rd period - Wrist shot by Sean Couturier.
5:05 of 3rd period - Goal by Sean Couturier - Rangers : 4 - Kings : 3.
5:06 of 3rd period - Anze Kopitar wins face-off versus Sean Couturier in neutral zone.
5:32 of 3rd period - Patrice Bergeron is hit by Gabriel Landeskog and loses puck.
5:41 of 3rd period - Wrist shot by Andrei Kostitsyn.
5:41 of 3rd period - Stopped by Martin Jones without a rebound.
5:42 of 3rd period - Sean Couturier wins face-off versus Cody Eakin in Kings zone.
5:47 of 3rd period - Wrist shot by Milan Lucic.
5:47 of 3rd period - Stopped by Martin Jones with a rebound.
6:29 of 3rd period - Snap shot by Milan Lucic.
6:29 of 3rd period - Deflect By Ryan Strome.
6:29 of 3rd period - Shot Misses the Net.
6:29 of 3rd period - Puck is out of play.
6:30 of 3rd period - Patrice Bergeron wins face-off versus Nathan MacKinnon in Kings zone.
6:31 of 3rd period - Wrist shot by Kyle Okposo.
6:31 of 3rd period - Goal by Kyle Okposo - Rangers : 5 - Kings : 3.
6:31 of 3rd period - Tuukka Rask enters game.
6:32 of 3rd period - Patrice Bergeron wins face-off versus Nathan MacKinnon in neutral zone.
6:41 of 3rd period - Snap shot by Kyle Okposo.
6:41 of 3rd period - Shot Blocked by Gabriel Landeskog.
6:43 of 3rd period - Minor Penalty to Colton Parayko for Holding.
6:44 of 3rd period - Eric Nystrom wins face-off versus Patrice Bergeron in Kings zone.
6:57 of 3rd period - Minor Penalty to Milan Lucic for Roughing.
6:58 of 3rd period - Anze Kopitar wins face-off versus Tomas Hertl in Rangers zone.
8:43 of 3rd period - Penalty to Colton Parayko is over, Colton Parayko is back on ice.
8:57 of 3rd period - Penalty to Milan Lucic is over, Milan Lucic is back on ice.
9:39 of 3rd period - Snap shot by Kyle Okposo.
9:39 of 3rd period - Deflect By Patrice Bergeron.
9:39 of 3rd period - Stopped by Tuukka Rask with a rebound.
9:49 of 3rd period - Tomas Hertl is hit by Eric Nystrom.
9:53 of 3rd period - David Pastrnak is hit by Rostislav Olesz and loses puck.
10:22 of 3rd period - Matt Delahey is hit by Eric Nystrom and loses puck.
10:33 of 3rd period - Wrist shot by Lars Eller.
10:33 of 3rd period - Stopped by Frederik Andersen with a rebound.
10:35 of 3rd period - Wrist shot by Eric Nystrom.
10:35 of 3rd period - Shot Misses the Net.
10:37 of 3rd period - Snap shot by Lars Eller.
10:37 of 3rd period - Stopped by Frederik Andersen with a rebound.
10:39 of 3rd period - Slapshot by Jacob Trouba.
10:39 of 3rd period - Stopped by Frederik Andersen without a rebound.
10:40 of 3rd period - Nathan MacKinnon wins face-off versus Patrice Bergeron in Rangers zone.
11:07 of 3rd period - Tomas Hertl is hit by Cody Eakin and loses puck.
11:17 of 3rd period - Icing by Tomas Hertl.
11:18 of 3rd period - Anze Kopitar wins face-off versus Tomas Hertl in Rangers zone.
11:27 of 3rd period - Backhand shot by Kyle Clifford.
11:27 of 3rd period - Deflect By Sergei Shirokov.
11:27 of 3rd period - Stopped by Frederik Andersen without a rebound.
11:28 of 3rd period - Sean Couturier wins face-off versus Anze Kopitar in Rangers zone.
11:28 of 3rd period - Milan Lucic is hit by Sergei Shirokov and loses puck.
11:38 of 3rd period - Minor Penalty to Anze Kopitar for Holding.
11:39 of 3rd period - Patrice Bergeron wins face-off versus Eric Nystrom in Kings zone.
11:45 of 3rd period - Slapshot by Milan Lucic.
11:45 of 3rd period - Shot Misses the Net.
11:47 of 3rd period - Slapshot by Luke Schenn.
11:47 of 3rd period - Stopped by Tuukka Rask with a rebound.
11:49 of 3rd period - Slapshot by Milan Lucic.
11:49 of 3rd period - Goal by Milan Lucic - Rangers : 6 - Kings : 3.
11:50 of 3rd period - Cody Eakin wins face-off versus Sean Couturier in neutral zone.
12:14 of 3rd period - Icing by Sean Couturier.
12:15 of 3rd period - Sean Couturier wins face-off versus Nathan MacKinnon in Rangers zone.
12:15 of 3rd period - Sean Couturier is hit by Gabriel Landeskog.
12:44 of 3rd period - Slapshot by Devante Smith-Pelly.
12:44 of 3rd period - Stopped by Tuukka Rask with a rebound.
12:53 of 3rd period - Seth Jones is hit by Rostislav Olesz.
13:25 of 3rd period - Wrist shot by Maxime Sauvé.
13:25 of 3rd period - Stopped by Tuukka Rask without a rebound.
13:26 of 3rd period - Maxime Sauvé wins face-off versus Lars Eller in Kings zone.
13:29 of 3rd period - Snap shot by Steve Quailer.
13:29 of 3rd period - Stopped by Tuukka Rask with a rebound.
13:31 of 3rd period - Wrist shot by Dmitry Kulikov.
13:31 of 3rd period - Deflect By Steve Quailer.
13:31 of 3rd period - Stopped by Tuukka Rask without a rebound.
13:32 of 3rd period - Nathan MacKinnon wins face-off versus Sean Couturier in Kings zone.
14:08 of 3rd period - Dmitry Kulikov is hit by Jason Zucker and loses puck.
14:27 of 3rd period - Slapshot by Steve Quailer.
14:27 of 3rd period - Stopped by Tuukka Rask with a rebound.
14:29 of 3rd period - Snap shot by Mark Fistric.
14:29 of 3rd period - Goal by Mark Fistric - Rangers : 7 - Kings : 3.
14:30 of 3rd period - Sean Couturier wins face-off versus Nathan MacKinnon in neutral zone.
15:24 of 3rd period - Wrist shot by Kyle Okposo.
15:24 of 3rd period - Stopped by Tuukka Rask with a rebound.
15:26 of 3rd period - Slapshot by Kyle Okposo.
15:26 of 3rd period - Shot Blocked by Seth Jones.
15:44 of 3rd period - Backhand shot by Cam Barker.
15:44 of 3rd period - Stopped by Tuukka Rask without a rebound.
15:45 of 3rd period - Maxime Sauvé wins face-off versus Anze Kopitar in Kings zone.
16:10 of 3rd period - Slapshot by Kyle Clifford.
16:10 of 3rd period - Stopped by Frederik Andersen without a rebound.
16:11 of 3rd period - Cody Eakin wins face-off versus Sean Couturier in Rangers zone.
16:56 of 3rd period - Snap shot by Andrei Kostitsyn.
16:56 of 3rd period - Deflect By Devante Smith-Pelly.
16:56 of 3rd period - Stopped by Tuukka Rask with a rebound.
16:58 of 3rd period - Slapshot by Mark Fistric.
16:58 of 3rd period - Shot Misses the Net.
17:16 of 3rd period - Maxime Sauvé is hit by Jacob Trouba.
19:08 of 3rd period - Snap shot by Eric Nystrom.
19:08 of 3rd period - Shot Misses the Net.
19:10 of 3rd period - Snap shot by Colton Parayko.
19:10 of 3rd period - Stopped by Frederik Andersen without a rebound.
19:11 of 3rd period - Cody Eakin wins face-off versus Sean Couturier in Rangers zone.
19:14 of 3rd period - Snap shot by Jason Zucker.
19:14 of 3rd period - Shot Blocked by Luke Schenn.
19:17 of 3rd period - Jacob Trouba and Luke Schenn fight to a draw.
19:17 of 3rd period - Penalty to Jacob Trouba for Fighting.
19:17 of 3rd period - Penalty to Luke Schenn for Fighting.
19:17 of 3rd period - Penalty to Jacob Trouba for instigated a fight.
19:17 of 3rd period - Penalty to Jacob Trouba for instigated a fight.
19:18 of 3rd period - Patrice Bergeron wins face-off versus Kyle Clifford in Rangers zone.
19:25 of 3rd period - Snap shot by Milan Lucic.
19:25 of 3rd period - Stopped by Tuukka Rask without a rebound.
19:26 of 3rd period - Patrice Bergeron wins face-off versus Eric Nystrom in Kings zone.
Goals for this period are 4 for Rangers vs 1 for Kings.
Shots for this period are 21 for Rangers vs 10 for Kings.